 Dungeon Crawl Stone Soup version 0.23.2-33-g5129a83184 (webtiles) character file.

Game seed: 16848965168805104884

77 Descartes the Shield-Bearer (level 4, -7/37 HPs)
             Began as a Formicid Fighter on July 6, 2019.
             Killed by nerve-wracking pain
             ... invoked by Grinder
              (13 damage)
             ... on level 3 of the Dungeon.
             The game lasted 00:04:57 (1308 turns).

Descartes the Shield-Bearer (Formicid Fighter)      Turns: 1308, Time: 00:04:57

Health: -7/37      AC:  7    Str: 21    XL:     4   Next: 58%
Magic:  4/4        EV:  8    Int:  7    God:
Gold:   126        SH: 10    Dex: 11    Spells: 3/3 levels left

rFire    . . .     SeeInvis +   a - +0 war axe
rCold    . . .     Gourm    .   c - +0 shield
rNeg     . . .     Faith    .   b - +0 scale mail
rPois    .         Spirit   .   (helmet unavailable)
rElec    .         Reflect  .   (no cloak)
rCorr    .         Harm     .   (no gloves)
MR       .....                  (no boots)
Stlth    ..........             (no amulet)
HPRegen  0.12/turn              (no ring)
MPRegen  0.09/turn              (no ring)

@: no status effects
A: permanent stasis, dig shafts and tunnels, four strong arms, antennae 3
a: Dig, Shaft Self


You were on level 3 of the Dungeon.
You were hungry.

You visited 1 branch of the dungeon, and saw 3 of its levels.

You collected 126 gold pieces.

Inventory:

Hand Weapons
 a - a +0 war axe (weapon)
 g - a +1 spear of venom
 h - a +0 mace
Missiles
 e - 36 arrows
 j - 46 stones (quivered)
Armour
 b - a +0 scale mail (worn)
 c - a +0 shield (worn)
 l - a +3 leather armour
Scrolls
 d - 2 scrolls of remove curse {unknown}
 i - 2 scrolls of fear {unknown}
 k - 5 scrolls of identify {unknown}
 m - 4 scrolls of teleportation {unknown}
 q - a scroll of enchant weapon {unknown}
 r - a scroll of magic mapping {unknown}
Potions
 n - a potion of ambrosia {unknown}
 o - a potion of berserk rage {unknown}
Comestibles
 f - 4 rations


   Skills:
 + Level 3.8 Fighting
 + Level 2.6 Axes
 + Level 3.8 Armour
 * Level 4.7 Shields


You had 3 spell levels left.
You didn't know any spells.
Your spell library was empty.

Dungeon Overview and Level Annotations

Branches:
Dungeon (3/15)

Altars:

Annotations:
D:3 Grinder


Innate Abilities, Weirdness & Mutations

You cannot be hasted, slowed, berserked, paralysed or teleported.
You can dig through walls and to a lower floor.
Your four strong arms can wield two-handed weapons with a shield.
You have a pair of large antennae on your head. (SInv)


Message History

Grinder gestures at you. You resist with significant effort.
You block Grinder's attack.
You see here a scroll labeled XINNUKKEAS.
You closely miss Grinder.
Grinder is severely wounded.
Grinder hits you but does no damage. x2
You miss Grinder.
Grinder is severely wounded.
Grinder hits you but does no damage.
You closely miss Grinder.
Grinder is severely wounded.
Grinder hits you but does no damage. Grinder gestures at you.
You resist with significant effort.
You closely miss Grinder.
Grinder is severely wounded.
Grinder gestures at you. Pain shoots through your body!
You die...

#.# #.#{ #.# #.#
#.# #####.#
##########.....#
{
#........#...5@#
#........#.....#
{
#........#.....#
#........#.....#
#......†.#.....#
#....$.........#
#.........##.###
#.$%......##[..
#.........######


You could see Grinder.

Vanquished Creatures
  Robin (D:2)
  An adder (D:2)
  2 oozes
  A dart slug (D:1)
  3 giant cockroaches
  11 goblins (D:2)
  5 hobgoblins
  2 jackals (D:2)
  2 ball pythons (D:2)
  3 bats
  3 frilled lizards (D:2)
  8 kobolds
  4 rats
46 creatures vanquished.

Notes
Turn   | Place    | Note
-------+----------+-------------------------------------------
     0 | D:1      | Descartes the Formicid Fighter began the quest for the Orb.
     0 | D:1      | Reached XP level 1. HP: 18/18 MP: 1/1
    11 | D:1      | You fall through a shaft!
    20 | D:2      | Noticed Robin
    22 | D:2      | Reached XP level 2. HP: 20/24 MP: 2/2
    28 | D:2      | Reached skill level 4 in Shields
    34 | D:2      | Killed Robin
    34 | D:2      | Reached XP level 3. HP: 12/29 MP: 3/3
   752 | D:2      | Reached XP level 4. HP: 33/37 MP: 4/4
  1272 | D:3      | Noticed Grinder
  1308 | D:3      | Killed from afar by Grinder

Skill      XL: |  1  2 |
---------------+-------+-----
Shields        | 4 |  4.7
Fighting       | |  3.8
Axes           | |  2.6
Armour         | |  3.8

Action                   |  1- 3 |  4- 6 || total
-------------------------+-------+-------++-------
Melee: War axe           |    74 |    61 ||   135
  Use: Potion            |     1 |       ||     1
  Eat: Chunk             |       |     1 ||     1
Armor: Scale mail        |    39 |    28 ||    67
Dodge: Dodged            |    30 |    14 ||    44
Block: Shield            |    54 |    20 ||    74
